 Dungeon Crawl Stone Soup version 0.28.0 (webtiles) character file.

Game seed: 7224881064002051078

276362 Strat the Brawler (level 20, -8/165 HPs)
             Began as a Vine Stalker Monk on Feb 15, 2022.
             Was the Champion of Okawaru.
             Mangled by a vault warden (15 damage)
             ... on level 3 of the Vaults on Feb 16, 2022.
             The game lasted 02:13:44 (43584 turns).

Strat the Brawler (Vine Stalker Monk)              Turns: 43584, Time: 02:13:45

Health: -8/165     AC: 26    Str: 21    XL:     20   Next: 37%
Magic:  0/28       EV: 15    Int: 10    God:    Okawaru [******]
Gold:   3185       SH: 20    Dex: 19    Spells: 18/19 levels left

rFire   . . .      SeeInvis .     - Unarmed
rCold   . . .      Faith    .   s - +1 kite shield {reflect}
rNeg    . . .      Spirit   +   N - +4 ring mail {Will+}
rPois   +          Reflect  +   z - +2 helmet
rElec   .          Harm     .   v - +1 cloak of Sin {Will+ rCorr}
rCorr   +          Rampage  .   V - +0 pair of gloves {Stlth+}
Will    ++++.                   c - +2 pair of boots
Stlth   ..........              G - amulet of reflection
HPRegen 1.17/turn               k - +4 ring of protection
MPRegen 0.21/turn               J - ring of poison resistance

@: berserking, very quick
A: fangs 3, regeneration 1, magic shield, antimagic bite, no potion heal 2,
frail 1
}: 2/15 runes: serpentine, barnacled
a: Renounce Religion, Heroism, Finesse, Duel


You were on level 3 of the Vaults.
You worshipped Okawaru.
Okawaru was exalted by your worship.
You visited 7 branches of the dungeon, and saw 35 of its levels.
You also visited: Gauntlet.

You collected 3321 gold pieces.
You spent 136 gold pieces at shops.

Inventory:

Hand Weapons
 b - the +6 hunting sling of the Demagogue {flame, rElec rN+ SInv}
   (You acquired it on level 6 of the Dungeon)

   Any ammunition fired from it burns those it strikes, dealing additional fire
   damage.
   rElec:     It insulates you from electricity.
   rN:        It protects you from negative energy.
   SInv:      It lets you see invisible.
Missiles
 u - 243 sling bullets
 x - 5 boomerangs of dispersal
 H - a throwing net
 Q - 761 stones (quivered)
 W - 13 silver javelins
Armour
 c - a +2 pair of boots (worn)
 s - a +1 kite shield of reflection (worn)
 v - the +1 cloak of Sin (worn) {Will+ rCorr}
   (You acquired it on level 4 of the Dungeon)

   rCorr:     It protects you from acid and corrosion.
   Will:      It increases your willpower.
 z - a +2 helmet (worn)
 N - a +4 ring mail of willpower (worn)
 V - a +0 pair of gloves of stealth (worn)
Jewellery
 a - a ring of see invisible
 i - a ring of protection from cold
 k - a +4 ring of protection (left hand)
 l - a ring of positive energy
 q - an amulet of faith
 w - a ring of protection from fire
 G - an amulet of reflection (around neck)
 J - a ring of poison resistance (right hand)
 R - a ring of positive energy
Wands
 f - a wand of acid (9)
 o - a wand of paralysis (5)
 y - a wand of digging (2)
 B - a wand of iceblast (13)
 E - a wand of flame (41)
 K - a wand of polymorph (14)
 Y - a wand of mindburst (18)
Scrolls
 h - a scroll of holy word
 n - 4 scrolls of fog
 M - 2 scrolls of magic mapping
 O - 3 scrolls of enchant weapon
Potions
 e - 2 potions of resistance
 g - 2 potions of cancellation
 j - 6 potions of brilliance
 m - 4 potions of flight
 p - 3 potions of ambrosia
 t - a potion of might
 C - 12 potions of curing
 D - a potion of lignification
 F - 8 potions of mutation
 I - 8 potions of attraction
 T - 3 potions of haste
Miscellaneous
 d - a phantom mirror
 S - a condenser vane (inert)
 Z - a phantom mirror


   Skills:
 + Level 19.7 Fighting
 - Level 10.0 Armour
 + Level 8.1 Dodging
 - Level 2.4 Stealth
 - Level 15.0 Shields
 - Level 20.0 Unarmed Combat
 - Level 10.0 Invocations


You had 18 spell levels left.
You knew the following spells:

 Your Spells              Type           Power      Damage    Failure   Level
a - Apportation           Tloc           0%         N/A       69%         1

Your spell library contained the following spells:

 Spells                   Type           Power      Damage    Failure   Level
 Slow                     Hex            0%         N/A       69%         1
 Corpse Rot               Necr/Air       0%         N/A       83%         2
 Poisonous Vapours        Pois/Air       0%         N/A       83%         2
 Scorch                   Fire           0%         2d5       83%         2
 Searing Ray              Conj           0%         2d4       83%         2
 Static Discharge         Conj/Air       0%         N/A       83%         2
 Confusing Touch          Hex            0%         N/A       96%         3
 Dazzling Flash           Conj/Hex       0%         N/A       96%         3
 Mephitic Cloud           Conj/Pois/Air  0%         N/A       96%         3
 Vampiric Draining        Necr           0%         2d6       96%         3
 Dispel Undead            Necr           0%         3d6       100%        4
 Flame Wave               Conj/Fire      0%         2d4       100%        4
 Fulminant Prism          Conj/Hex       0%         3d6       100%        4
 Iskenderun's Mystic Bla  Conj/Tloc      0%         2d3       100%        4
 Leda's Liquefaction      Hex/Erth       0%         N/A       100%        4
 Sticky Flame             Conj/Fire      0%         2d3       100%        4
 Alistair's Intoxication  Tmut/Pois      0%         N/A       100%        5
 Fireball                 Conj/Fire      0%         3d3       100%        5
 Iskenderun's Battlesphe  Conj           0%         2d6       100%        5
 Lee's Rapid Deconstruct  Erth           0%         3d5*      100%        5
 Yara's Violent Unravell  Hex/Tmut       0%         3d3       100%        5
 Conjure Ball Lightning   Conj/Air       0%         3x3d6     100%        6
 Starburst                Conj/Fire      0%         6d3       100%        6
 Statue Form              Tmut/Erth      0%         N/A       100%        6
 Orb of Destruction       Conj           0%         9d5       100%        7
 Storm Form               Tmut/Air       0%         N/A       100%        7
 Animate Skeleton         Necr           Unusable   N/A       N/A         1
 Summon Small Mammal      Summ           Unusable   N/A       N/A         1
 Summon Cactus Giant      Summ           Unusable   N/A       N/A         6

Dungeon Overview and Level Annotations

Branches:
Dungeon (15/15)            Temple (1/1) D:6            Lair (6/6) D:11
 Shoals (4/4) Lair:2        Snake (4/4) Lair:3        Slime (0/5) Lair:5
    Orc (2/2) D:12            Elf (0/3) Orc:2        Vaults (3/5) D:13
  Crypt (0/3) Vaults:3     Depths (0/4) D:15        Gauntlet (visited)

Altars:
Ashenzari
Cheibriados
Dithmenos
Elyvilon
Fedhas
Gozag
Hepliaklqana
Kikubaaqudgha
Makhleb
Nemelex Xobeh
Okawaru
Qazlal
Ru
Sif Muna
Trog
Uskayaw
Vehumet
Wu Jian
Xom
Yredelemnul
Zin
The Shining One
Beogh
Jiyva
Lugonu

Shops:
D:7 ?   D:11 :   Orc:1 [   Orc:2 *[**   Shoals:2 [   Shoals:3 [(=   Shoals:4 [
Snake:2 :

Portals:
Abyss: Lair:6

Annotations:
Lair:3 exclusion: 2 oklob plants, Nergalle
Shoals:2 Polyphemus
Shoals:4 Ilsuiw
Snake:1 3 runed translucent doors, Dittersdorf's ghost, adept MiBe; Sokuv's ghost, adept DECj; pkoi's ghost, journeyman DrAE
Snake:4 Agnes
Vaults:1 3 runed translucent doors, ZombieSheep's ghost, adept DsBe
Vaults:2 Donald
Vaults:3 3 runed translucent doors, Ukiefoc's ghost, adept DrFE


Innate Abilities, Weirdness & Mutations

You have razor-sharp teeth.
Your natural rate of healing is unusually fast.
When hurt, damage is shared between your health and your magic reserves.
Your bite disrupts and absorbs the magic of your enemies.
Potions cannot restore your health.
You are frail. (-10% HP)


Message History

a +0 troll leather armour; a deep troll corpse You pummel the cyan ugly thing!!
The cyan ugly thing is heavily wounded.
The ironbound frostheart calls freezing cold from the walls.
The frost grips you!
* * * LOW HITPOINT WARNING * * *
Unknown command.
You hit the white ugly thing. Your bite misses the white ugly thing.
The white ugly thing is lightly wounded.
You block the cyan ugly thing's attack. The white ugly thing claws you.
* * * LOW HITPOINT WARNING * * *
The white ugly thing freezes you!
* * * LOW HITPOINT WARNING * * *
Unknown command.
The ice encasing you melts away.
Okay, then.
A red film seems to cover your vision as you go berserk!
You feel yourself moving faster!
You feel mighty! The cyan ugly thing kicks you.
* * * LOW HITPOINT WARNING * * *
The cyan ugly thing shocks you!
* * * LOW HITPOINT WARNING * * *
You beat the white ugly thing into a bloody pulp!!!
The white ugly thing is severely wounded.
You block the white ugly thing's attack.
You punch the white ugly thing!
The white ugly thing is severely wounded.
The runic seals fade away.
The cyan ugly thing kicks you but does no damage.
The vault warden activates a sealing rune.
You closely miss the white ugly thing. You bite the white ugly thing!
You kill the white ugly thing!
Okawaru accepts your kill.
The ironbound frostheart touches you but does no damage.
The cyan ugly thing kicks you.
* * * LOW HITPOINT WARNING * * *
The cyan ugly thing shocks you!
* * * LOW HITPOINT WARNING * * *
The vault warden hits you with a +1 war axe of venom!!
You die...

#...........##.
###.(.(...
#...#...#...###
#...........#
#.#...>...#.#
#...........#
#...#...#...#
#...........#
#.#...#..u#.#
#.........@p#
##+#######p#
... #)>......
.. #........
#..###..# #..#
.# #..# #...
#...


You could see a vault warden, a cyan ugly thing and an ironbound frostheart.

Vanquished Creatures
  Boris (Vaults:3)
  Mlioglotl (Snake:4)
  Gastronok (Lair:3)
  A kraken (Shoals:4)
  Kirke (Lair:6)
  5 nagarajas (Snake:4)
  10 vault wardens
  2 orc warlords (Vaults:1)
  A curse skull (Vaults:3)
  16 ironbound preservers
  A war gargoyle (Vaults:1)
  4 stone giants
  6 very ugly things
  7 ironbound thunderhulks
  A vampire knight (Vaults:3)
  A minotaur (Gauntlet)
  2 entropy weavers
  7 dire elephants (Vaults:1)
  An ettin (D:11)
  A fire dragon (D:15)
  6 merfolk impalers
  3 merfolk javelineers (Shoals:4)
  7 naga warriors
  9 vault guards
  4 yaktaur captains
  3 great orbs of eyes
  A peacekeeper (Vaults:1)
  Fannar (Lair:3)
  8 boulder beetles
  An ice dragon (D:15)
  9 centaur warriors
  13 hydras
  6 ironbound frosthearts
  Erica (D:11)
  3 ogre magi
  5 salamander tyrants (Snake:4)
  5 merfolk aquamancers (Shoals:4)
  3 anacondas
  A tengu warrior (D:10)
  20 two-headed ogres
  A satyr (Shoals:3)
  11 death yaks
  4 thrashing horrors (Lair:6)
  5 orc high priests
  4 naga sharpshooters
  3 salamander mystics
  7 sea snakes
  21 deep trolls
  7 naga ritualists
  11 wizards
  3 deep elf pyromancers
  A phantasmal warrior (Vaults:2)
  8 lindwurms
  10 orc knights
  11 harpies
  9 ironbound convokers
  4 necromancers
  6 fauns
  21 ugly things
  8 cyclopes
  3 orc sorcerers
  A worldbinder (Gauntlet)
  2 mana vipers
  10 salamanders
  8 manticores
  29 black mambas
  21 elephants
  A manticore (shapeshifter) (D:11)
  4 centaur zombies (D:11)
  2 smoke demons (Lair:6)
  14 naga magi
  2 guardian serpents
  3 merfolk sirens
  3 torpor snails
  A gargoyle (D:11)
  16 vault sentinels
  4 water nymphs
  An unseen horror (D:11)
  11 yaktaurs
  A freezing wraith (Vaults:1)
  2 efreet (D:15)
  A kobold demonologist (D:10)
  4 rime drakes
  13 cane toads
  14 komodo dragons
  14 merfolk
  4 ancient zymes (Lair:6)
  4 trolls
  4 polar bears
  3 meliai (D:15)
  4 hornets
  6 wind drakes
  A hornet (shapeshifter) (Lair:6)
  18 slime creatures
  8 snapping turtles
  A large abomination (Lair:6)
  21 blink frogs
  11 flying skulls
  2 vampires
  4 shadows
  64 yaks
  7 wyverns
  9 basilisks
  10 water elementals
  A wraith (D:12)
  3 ynoxinuls (Lair:6)
  A human (shapeshifter) (Lair:6)
  25 humans
  3 redbacks
  22 nagas
  10 vampire mosquitoes
  4 wargs
  Edmund (D:5)
  10 water moccasins
  3 acid dragons
  A meliai simulacrum (D:14)
  21 orc warriors
  2 sky beasts
  5 black bears
  14 wolves
  9 ogres
  2 boggarts
  19 centaurs
  A kobold brigand (D:6)
  9 small abominations (Lair:6)
  Blork the orc (D:4)
  A gnoll sergeant (D:10)
  15 bullfrogs
  2 scorpions
  A jelly (D:6)
  4 wights
  3 killer bees (D:8)
  2 electric eels
  2 bullfrog zombies (D:6)
  2 hounds (D:5)
  A centaur skeleton (D:6)
  28 orc priests
  Crazy Yiuf (D:4)
  27 orc wizards
  A bullfrog skeleton (D:6)
  2 iguanas
  3 hell rats
  Natasha (thrice) (D:3)
  A killer bee zombie (D:5)
  A hound skeleton (D:5)
  8 gnolls
  9 river rats (Lair:5)
  3 adders
  A shadow imp (D:6)
  A white imp (D:6)
  2 ufetubi
  An adder skeleton (D:5)
  9 worms
  6 dart slugs
  66 orcs
  3 ball pythons
  10 endoplasms
  14 giant cockroaches
  7 hobgoblins
  11 jackals
  4 quokkas
  4 bats
  3 frilled lizards (D:1)
  5 goblins
  8 kobolds
  3 rats
  3 tentacles (Shoals:4)
1148 creatures vanquished.

Vanquished Creatures (collateral kills)
  A kobold (D:6)
1 creature vanquished.

Vanquished Creatures (others)
  An ice dragon (D:15)
  A manticore (Shoals:4)
  A vampire (D:13)
  A naga (Snake:4)
  46 fungi
  108 plants
  9 tentacles (Shoals:4)
  6 withered plants
173 creatures vanquished.

Grand Total: 1322 creatures vanquished

Notes
Turn   | Place    | Note
-------+----------+-------------------------------------------
     0 | D:1      | Strat the Vine Stalker Monk began the quest for the Orb.
     0 | D:1      | Reached XP level 1. HP: 11/11 MP: 2/2
   750 | D:1      | Found a faded altar of an unknown god.
   937 | D:1      | Reached XP level 2. HP: 16/16 MP: 3/3
  1200 | D:1      | Noticed a floating eye
  1203 | D:1      | Noticed a golden eye
  1203 | D:1      | Noticed a golden eye
  1203 | D:1      | Noticed a floating eye
  1483 | D:1      | Reached skill level 4 in Unarmed Combat
  1587 | D:1      | Reached XP level 3. HP: 12/19 MP: 4/4
  2748 | D:2      | Identified the +1 ring mail of the Stag {Contam rF++ Str+3
                  | SInv}
  3299 | D:2      | Gained mutation: Your natural rate of healing is unusually
                  | fast. [Vine Stalker growth]
  3299 | D:2      | Reached XP level 4. HP: 15/23 MP: 5/5
  3394 | D:3      | Reached skill level 5 in Unarmed Combat
  3395 | D:3      | You fall into a shaft and drop 3 floors!
  3399 | D:6      | Identified a scroll of acquirement
  3399 | D:6      | Acquired the +6 hunting sling of the Demagogue {flame,
                  | rElec rN+ SInv}
  3467 | D:6      | Noticed a kobold brigand
  3514 | D:5      | Entered Level 5 of the Dungeon
  3555 | D:5      | Reached XP level 5. HP: 27/27 MP: 6/6
  3817 | D:5      | Identified the +1 robe of the Dragon {rPois Str+3 Stlth-}
  3833 | D:4      | Noticed an ogre
  3835 | D:4      | Reached skill level 6 in Unarmed Combat
  3858 | D:4      | Noticed an ogre
  3939 | D:4      | Reached skill level 1 in Armour
  3939 | D:4      | Reached XP level 6. HP: 32/32 MP: 7/7
  3966 | D:4      | Acquired the +1 cloak of Sin {Will+ rCorr}
  3996 | D:4      | Noticed Blork the orc
  4169 | D:4      | Reached XP level 7. HP: 37/37 MP: 8/8
  4208 | D:4      | Killed Blork the orc
  4532 | D:4      | Found a runed translucent door.
  4533 | D:4      | Noticed Crazy Yiuf
  4695 | D:4      | Killed Crazy Yiuf
  4782 | D:3      | Got the Volume of Twisted Arcane Weapons
  4829 | D:3      | Noticed Natasha
  4831 | D:3      | Killed Natasha
  4874 | D:3      | Noticed Natasha
  4882 | D:3      | Killed Natasha
  5163 | D:3      | Noticed Natasha
  5167 | D:3      | Killed Natasha
  5168 | D:3      | Reached skill level 7 in Unarmed Combat
  5253 | D:5      | Noticed Edmund
  5595 | D:5      | Killed Edmund
  5596 | D:5      | Gained mutation: You have razor-sharp teeth. [Vine Stalker
                  | growth]
  5596 | D:5      | Reached XP level 8. HP: 42/42 MP: 5/9
  6219 | D:6      | Found a staircase to the Ecumenical Temple.
  6248 | Temple   | Entered the Ecumenical Temple
  6358 | Temple   | Became a worshipper of Warmaster Okawaru
  6358 | Temple   | Reached * piety under Okawaru
  6358 | Temple   | Reached ** piety under Okawaru
  6427 | D:6      | Reached skill level 8 in Unarmed Combat
  6514 | D:6      | Reached skill level 9 in Unarmed Combat
  6850 | D:6      | Reached XP level 9. HP: 45/45 MP: 10/10
  6882 | D:6      | Reached skill level 10 in Unarmed Combat
  7248 | D:7      | Found Tumepeik's Magic Scroll Emporium.
  7637 | D:7      | Reached skill level 1 in Invocations
  7742 | D:7      | Reached *** piety under Okawaru
  7846 | D:7      | Found a white marble altar of Elyvilon.
  7846 | D:7      | Found a glowing golden altar of the Shining One.
  7846 | D:7      | Found a glowing silver altar of Zin.
  8066 | D:7      | Found a shadowy altar of Dithmenos.
  8677 | D:8      | Reached skill level 5 in Fighting
  9383 | D:9      | Reached skill level 5 in Armour
  9433 | D:9      | Noticed a two-headed ogre
  9433 | D:9      | Noticed a troll
  9433 | D:9      | Noticed a deep elf pyromancer
  9472 | D:8      | Reached XP level 10. HP: 37/51 MP: 11/13
  9607 | D:8      | Reached **** piety under Okawaru
  9838 | D:9      | Reached skill level 11 in Unarmed Combat
 10084 | D:10     | Entered Level 10 of the Dungeon
 10167 | D:10     | Reached skill level 5 in Invocations
 10217 | D:10     | Reached ***** piety under Okawaru
 10354 | D:10     | Found a snail-covered altar of Cheibriados.
 10396 | D:10     | Noticed a two-headed ogre
 10412 | D:10     | Killed a two-headed ogre
 10491 | D:10     | Noticed an alligator
 10502 | D:10     | Noticed an ice dragon
 10502 | D:10     | an alligator changed into an ice dragon
 10508 | D:10     | Noticed a boulder beetle
 10508 | D:10     | an ice dragon changed into a boulder beetle
 10768 | D:9      | Killed a deep elf pyromancer
 10768 | D:9      | Received a gift from Okawaru
 10768 | D:9      | Found the +6 Majin-Bo {vamp, MP+6 Int+6}
 10821 | D:9      | Noticed a centaur warrior
 10839 | D:9      | Killed a centaur warrior
 10840 | D:9      | Reached XP level 11. HP: 38/58 MP: 16/16
 10906 | D:9      | Noticed a boulder beetle
 10934 | D:9      | Killed a boulder beetle
 11457 | D:10     | Found a sparkling altar of Nemelex Xobeh.
 11597 | D:10     | Reached skill level 12 in Unarmed Combat
 11676 | D:10     | Noticed a tengu warrior
 11694 | D:10     | Killed a tengu warrior
 11869 | D:10     | Noticed a shining eye
 11897 | D:10     | Noticed a sea snake
 11966 | D:11     | Noticed a two-headed ogre
 12200 | D:11     | Noticed a two-headed ogre
 12217 | D:11     | Killed a two-headed ogre
 12218 | D:11     | Reached skill level 1 in Shields
 12376 | D:11     | Found Ysesuytirgh's Self-Improvement Boutique.
 12465 | D:11     | Identified the +9 glaive "Muti" {flame, +Blink rN+ Will-
                  | Str+5} (Okawaru gifted it to you on level 11 of the
                  | Dungeon)
 12465 | D:11     | Received a gift from Okawaru
 12606 | D:11     | Found a staircase to the Lair.
 12692 | D:11     | Noticed an orc knight
 12692 | D:11     | Noticed a cyan ugly thing
 12711 | D:11     | Killed a cyan ugly thing
 12839 | D:11     | Killed an orc knight
 12920 | D:11     | Noticed a boulder beetle
 12976 | D:11     | Killed a boulder beetle
 12977 | D:11     | Reached XP level 12. HP: 51/65 MP: 15/17
 13223 | D:11     | Noticed a five-headed hydra
 13264 | D:11     | Killed a five-headed hydra
 13264 | D:11     | Received a gift from Okawaru
 13522 | D:11     | Reached skill level 13 in Unarmed Combat
 13766 | D:11     | Noticed a six-headed hydra
 13781 | D:11     | Killed a six-headed hydra
 13812 | D:11     | Noticed an ettin
 13875 | D:11     | Noticed Erica
 13883 | D:11     | Killed Erica
 14101 | D:11     | Noticed a fire giant
 14157 | D:11     | Reached skill level 5 in Shields
 14195 | D:11     | Killed a two-headed ogre
 14214 | Lair:1   | Entered Level 1 of the Lair of Beasts
 14490 | Lair:1   | Reached ****** piety under Okawaru
 14518 | Lair:1   | Reached skill level 10 in Fighting
 14729 | Lair:1   | Reached XP level 13. HP: 59/72 MP: 14/18
 15245 | Lair:1   | Reached skill level 10 in Armour
 15830 | Lair:2   | Received a gift from Okawaru
 15941 | Lair:2   | HP: 3/72 [seven-headed hydra (9)]
 16160 | Lair:2   | Identified the +4 ring mail "Guczys" {rCorr} (Okawaru
                  | gifted it to you on level 2 of the Lair of Beasts)
 16160 | Lair:2   | Received a gift from Okawaru
 16853 | Lair:2   | Found a staircase to the Shoals.
 17242 | Lair:3   | Noticed Nergalle
 17251 | Lair:3   | Found a gate leading to a gauntlet.
 17251 | Lair:3   | Noticed Gastronok
 17251 | Lair:3   | Noticed Fannar
 17259 | Gauntlet | Entered a Gauntlet
 17259 | Gauntlet | Found a transporter.
 17259 | Gauntlet | Found a transporter.
 17301 | Gauntlet | Found a transporter.
 17323 | Gauntlet | Found a transporter.
 17333 | Gauntlet | Found a transporter.
 17335 | Gauntlet | Found a transporter.
 17349 | Gauntlet | Found a transporter.
 17363 | Gauntlet | Found a runed translucent door.
 17364 | Gauntlet | Found a transporter.
 17365 | Gauntlet | Found a runed translucent door.
 17368 | Gauntlet | Found a transporter.
 17371 | Gauntlet | Found a transporter.
 17379 | Gauntlet | Found a transporter.
 17382 | Gauntlet | Found a transporter.
 17426 | Gauntlet | Identified the +6 dagger of Amaaj {protect, Fragile Dex+3}
 17507 | Gauntlet | Reached skill level 14 in Unarmed Combat
 17528 | Gauntlet | Identified the +0 pair of gloves "Udeifusu" {rC+ Str-3
                  | Stlth+}
 17645 | Gauntlet | Identified the +10 war axe of Midsummer {vorpal, Int+2}
 17645 | Gauntlet | Noticed a minotaur
 17668 | Gauntlet | Killed a minotaur
 17770 | Gauntlet | Got Sif Muna's Tome of Changing
 17994 | Lair:3   | Reached XP level 14. HP: 60/79 MP: 21/21
 18266 | Lair:3   | Found a blossoming altar of Fedhas.
 18515 | Lair:3   | Found a staircase to the Snake Pit.
 18898 | Lair:3   | Killed Gastronok
 18941 | Lair:3   | Killed Fannar
 19169 | Lair:4   | Received a gift from Okawaru
 19284 | Lair:4   | Reached skill level 15 in Unarmed Combat
 20167 | Lair:5   | Found a viscous altar of Jiyva.
 20232 | Lair:5   | Found a staircase to the Slime Pits.
 20801 | Lair:5   | Reached skill level 5 in Dodging
 20806 | Lair:5   | Identified the +1 chain mail of the Sun {Str+3} (Okawaru
                  | gifted it to you on level 5 of the Lair of Beasts)
 20806 | Lair:5   | Received a gift from Okawaru
 21193 | Lair:6   | Entered Level 6 of the Lair of Beasts
 21214 | Lair:6   | Reached skill level 16 in Unarmed Combat
 21284 | Lair:6   | Noticed Kirke
 21475 | Lair:6   | Reached XP level 15. HP: 85/85 MP: 23/23
 21755 | Lair:6   | Killed Kirke
 22341 | Lair:6   | Reached skill level 17 in Unarmed Combat
 22387 | Lair:6   | Received a gift from Okawaru
 22613 | Lair:6   | Found a corrupted altar of Lugonu.
 22613 | Lair:6   | Found a one-way gate to the infinite horrors of the Abyss.
 22696 | Lair:6   | Found the +7 pair of quick blades "Gyre" and "Gimble"
                  | {protect}
 23357 | Lair:6   | Received a gift from Okawaru
 24981 | D:12     | Reached skill level 18 in Unarmed Combat
 25036 | D:12     | Found a staircase to the Orcish Mines.
 25502 | Orc:1    | Entered Level 1 of the Orcish Mines
 25797 | Orc:1    | Found Ytaeff's Armour Emporium.
 25926 | Orc:2    | Entered Level 2 of the Orcish Mines
 26163 | Orc:2    | Found a staircase to the Elven Halls.
 26434 | Orc:2    | Gained mutation: You are frail. (-10% HP) [a neqoxec]
 26474 | Orc:2    | Found Dewinger's Armour Shoppe.
 26474 | Orc:2    | Found Weteydeydgh's General Store.
 26479 | Orc:2    | Found Qeophoef's Assorted Antiques.
 26487 | Orc:2    | Reached XP level 16. HP: 82/82 MP: 24/24
 26492 | Orc:2    | Found Haonlial's Assorted Antiques.
 26498 | Orc:2    | Bought a scroll labelled GOEDGH MAEGY for 36 gold pieces
 26561 | Orc:2    | Bought a scroll of identify for 28 gold pieces
 26563 | Orc:2    | Bought a scroll of identify for 72 gold pieces
 27673 | D:13     | Found a gate to the Vaults.
 27767 | D:13     | Received a gift from Okawaru
 28099 | D:13     | Identified the +1 chain mail "Isodaguxku" {-Tele rPois MP+9
                  | Dex+8} (Okawaru gifted it to you on level 13 of the
                  | Dungeon)
 28099 | D:13     | Received a gift from Okawaru
 29070 | D:15     | Entered Level 15 of the Dungeon
 29643 | D:15     | Reached skill level 15 in Fighting
 29643 | D:15     | Reached skill level 10 in Shields
 30016 | D:15     | Found a staircase to the Depths.
 30437 | D:11     | Identified the +0 helmet of Xeqabug {+Inv rCorr Int+4}
                  | (Okawaru gifted it to you on level 11 of the Dungeon)
 30437 | D:11     | Received a gift from Okawaru
 30531 | D:11     | Identified the +0 robe "Xounaaff" {MP+9}
 30532 | D:11     | Identified the +11 short sword of Midsummer {pain, Drain
                  | Will+ Int+7}
 30726 | Snake:1  | Entered Level 1 of the Snake Pit
 30809 | Snake:1  | Found a runed translucent gate.
 30809 | Snake:1  | Found a runed translucent gate.
 30809 | Snake:1  | Found a runed translucent gate.
 30810 | Snake:1  | Noticed pkoi's ghost (journeyman DrAE)
 30810 | Snake:1  | Noticed Dittersdorf's ghost (adept MiBe)
 30810 | Snake:1  | Noticed Sokuv's ghost (adept DECj)
 31159 | Snake:2  | Reached XP level 17. HP: 89/89 MP: 25/25
 31409 | Snake:2  | Found Ytoostuw's Book Shoppe.
 31769 | Snake:4  | Entered Level 4 of the Snake Pit
 31826 | Snake:4  | Noticed Mlioglotl
 31836 | Snake:4  | Killed Mlioglotl
 31837 | Snake:4  | Reached skill level 19 in Unarmed Combat
 32165 | Snake:4  | Noticed Agnes
 33505 | Snake:4  | Received a gift from Okawaru
 34314 | Snake:4  | Got a serpentine rune of Zot
 34602 | Shoals:1 | Entered Level 1 of the Shoals
 34635 | Shoals:1 | Received a gift from Okawaru
 34797 | Shoals:2 | Learned a level 1 spell: Apportation
 35186 | Shoals:2 | Noticed Polyphemus
 35570 | Shoals:2 | Found Siciuv's Armour Shoppe.
 35648 | Shoals:3 | Found Uweumn's Weapon Boutique.
 35659 | Shoals:3 | Found Owaqon Odae's Armour Shop.
 35693 | Shoals:3 | Reached XP level 18. HP: 87/94 MP: 22/26
 35734 | Shoals:3 | Found Vasem's Jewellery Boutique.
 36028 | Shoals:4 | Entered Level 4 of the Shoals
 36081 | Shoals:4 | Noticed Ilsuiw
 36233 | Shoals:4 | Found Ibberon's Antique Armour Shop.
 36312 | Shoals:4 | Received a gift from Okawaru
 36391 | Shoals:4 | Reached skill level 20 in Unarmed Combat
 37003 | Shoals:4 | Identified the ring of Cuxtung {*Corrode +Blink Fly rPois
                  | Str+6}
 37268 | Shoals:4 | Got a barnacled rune of Zot
 37651 | Vaults:1 | Entered Level 1 of the Vaults
 37858 | Vaults:1 | Received a gift from Okawaru
 39049 | Vaults:1 | Identified the +0 hat "Sitzos" {+Inv Stlth+} (Okawaru
                  | gifted it to you on level 1 of the Vaults)
 39049 | Vaults:1 | Received a gift from Okawaru
 39426 | Vaults:1 | Reached XP level 19. HP: 101/101 MP: 27/27
 40010 | Vaults:1 | Found a runed translucent gate.
 40012 | Vaults:1 | Found a runed translucent gate.
 40013 | Vaults:1 | Found a runed translucent gate.
 40013 | Vaults:1 | Noticed ZombieSheep's ghost (adept DsBe)
 40440 | Vaults:1 | Identified the +4 ring mail of the Ego {rC+ Str+2}
 40667 | Vaults:1 | Received a gift from Okawaru
 41041 | Vaults:2 | Reached skill level 15 in Shields
 41307 | Vaults:2 | Noticed Donald
 41754 | Vaults:2 | Received a gift from Okawaru
 42636 | Vaults:3 | Reached skill level 10 in Invocations
 42645 | Vaults:3 | Reached XP level 20. HP: 41/108 MP: 15/28
 42669 | Vaults:3 | Identified the +3 ring mail "Mottonot" {rC- rCorr Int+4}
                  | (Okawaru gifted it to you on level 3 of the Vaults)
 42669 | Vaults:3 | Received a gift from Okawaru
 42789 | Vaults:3 | Noticed Boris
 42824 | Vaults:3 | Killed Boris
 43135 | Vaults:3 | Found a runed translucent gate.
 43135 | Vaults:3 | Found a runed translucent gate.
 43136 | Vaults:3 | Found a runed translucent gate.
 43136 | Vaults:3 | Noticed Ukiefoc's ghost (adept DrFE)
 43525 | Vaults:3 | Found a staircase to the Crypt.
 43584 | Vaults:3 | HP: 7/165 [cyan ugly thing[a wizard] (10)]
 43584 | Vaults:3 | Mangled by a vault warden

Illustrated notes

Levels and vault maps discovered:
D:1:      scummos_arrival_hexagon, layout_loops_cross,
          hellmonk_ecumenical_altar_watching_god, chequers_serial_rivers_large_a
D:2:      layout_loops_cross
D:3:      minmay_roachtagon, layout_rooms, uniq_natasha
D:4:      layout_rooms, minmay_misc_feat_roman, kennysheep_big_empty_room,
          nicolae_wormholes, uniq_crazy_yiuf_cottage, uniq_blork_the_orc
D:5:      layout_layer_cave, solitary_fountain, uniq_edmund
D:6:      layout_gridville, minmay_temple_entry_metal_lava
D:7:      layout_layer_cave, good_gods_mini_temple,
          grunt_dithmenos_smoke_and_mirrors, hangedman_decor_slide_cut,
          nicolae_stop_n_shop_2
D:8:      layout_rooms
D:9:      minmay_shrinking_squares, layout_gridville
D:10:     layout_basic, cheibriados_altar_1, nemelex_diamond_rough_becter
D:11:     nzn_winding_woodlands_stair_trap
          [nzn_winding_woodlands_5x15_pathside_ponds,
          nzn_winding_woodlands_5x15_river_crossing,
          nzn_winding_woodlands_5x15_concentric,
          nzn_winding_woodlands_15x15_boxy_spiral,
          nzn_winding_woodlands_5x15_cabin, nzn_winding_woodlands_5x15_sawtooth,
          nzn_winding_woodlands_5x15_default], layout_cave_pods,
          david_lair_shrubbed, nicolae_shop_self_help, uniq_erica
D:12:     layout_basic, david_orc_4
D:13:     minmay_evil_eye, layout_stronghold, grunt_vaults_entry_tiered
D:14:     nicolae_cairo_tiling_very_big, layout_basic, serial_park_tiny_pond
D:15:     grunt_enter_depths_hoard, layout_stronghold
Temple:   kb_temple_of_zot
Lair:1:   layout_roguey, nicolae_lair_lakeside_cave
Lair:2:   layout_gridlike, minmay_shoals_entry_hut
Lair:3:   layout_chaotic_city, minmay_snake_entry_six_corridors,
          gauntlet_entry_generic, ldierk_geyser, hangedman_tree_tricks,
          uniq_nergalle, uniq_gastronok, uniq_fannar
Lair:4:   layout_gridlike
Lair:5:   layout_regular_city, slime_altar_1, st_stairs_11, kennysheep_rathole,
          grunt_megastairs_4
Lair:6:   hellmonk_lair_end_abyssal_woods, layout_gridlike,
          hangedman_lair_generics_rect, uniq_kirke
Shoals:1: layout_shoals
Shoals:2: layout_shoals, serial_shops, shop_fountains,
          nicolae_shoals_water_elemental_grotto, uniq_polyphemus
Shoals:3: layout_shoals, serial_shops, shop, nicolae_stop_n_shop_1,
          shop_fountains, shop, nicolae_shop_crystal,
          ebering_ghost_disaster_area, ldierk_geyser
Shoals:4: shoals_end_hangedman, layout_shoals, shoals_ilsuiw_ice, serial_shops,
          nicolae_shop_hallway_stairs
Snake:1:  layout_chambers, gammafunk_ghost_cemetery,
          portal_ice_cave_entry_ice_statue_one
Snake:2:  layout_gridlike, serial_shops, shop, minmay_shop_grove
Snake:3:  layout_onion, minmay_shop_enchanted_jewellery,
          nicolae_snake_serpentine_hallways
Snake:4:  snake_pit, layout_cave_pods, grunt_megastairs_3, uniq_agnes,
          uniq_mlioglotl
Orc:1:    layout_diamond_mine, serial_shops, nicolae_shop_crystal,
          library_closet, minmay_orc_temple_a
Orc:2:    st_orc_mages, layout_caves
Vaults:1: biasface_ghost_orc_armoury, v_misc_16,
          vaults_room_grunt_arrival_ludios,
          nicolae_vaults_windows_and_doors_thing, grunt_vaults_hallway_short,
          ontoclasm_vaults_decontamination, nicolae_vaults_shelves_hall,
          layout_vaults_omnigrid
Vaults:2: v_misc_8, hangedman_vaults_slice, nicolae_vaults_circle_grid_b,
          hangedman_vaults_corner_blocks, st_check, vaults_dpeg_hooks,
          vaults_mumra_minichess, v_misc_13, ontoclasm_vaults_eye, v_misc_9,
          v_misc_28, layout_vaults_big_cross, uniq_donald, uniq_bai_suzhen
Vaults:3: ebering_ghost_rock_garden, nicolae_vaults_big_ls,
          hangedman_vaults_trim, v_misc_4, nicolae_vaults_alarming,
          vaults_dpeg_diagonal, minmay_crypt_entry_simple_sparse,
          grunt_vaults_focal, vaults_room_hallway,
          nicolae_vaults_network_quincunx
          [nicolae_vaults_network_quincunx_subvault,
          nicolae_vaults_network_quincunx_subvault,
          nicolae_vaults_network_quincunx_subvault,
          nicolae_vaults_network_quincunx_subvault,
          nicolae_vaults_network_quincunx_subvault],
          ontoclasm_vaults_loading_screen, dpeg_vaults_monster_box,
          ontoclasm_vaults_loading_screen, nicolae_vaults_minivaults,
          layout_vaults_maze_bifur, uniq_boris

Skill      XL: |  1  2  3  4  5  6  7  8  9 10 11 12 13 14 15 16 17 18 19 20 |
---------------+-------------------------------------------------------------+-----
Unarmed Combat | 4 5 6 7 9 10 11 12 13 14 16 18 19 20 | 20.0
Fighting       | 3 4 5 7 8 10 11 12 13 15 16 17 19 | 19.7
Armour         | 1 2 3 4 5 6 7 9 10 | 10.0
Invocations    | 3 6 8 9 10 | 10.0
Shields        | 3 5 7 10 12 14 15 | 15.0
Dodging        | 5 6 8 |  8.1
Stealth        | |  2.4

Action                   |  1- 3 |  4- 6 |  7- 9 | 10-12 | 13-15 | 16-18 | 19-21 || total
-------------------------+-------+-------+-------+-------+-------+-------+-------++-------
Melee: Unarmed           |    87 |       |   104 |   387 |  1277 |  1609 |   720 ||  4184
       Bite              |    32 |    12 |    31 |   176 |   518 |   708 |   365 ||  1842
       Punch             |     5 |     2 |     4 |    13 |       |       |       ||    24
       Dagger            |    43 |    38 |       |       |       |       |       ||    81
       Hunting sling     |       |       |       |       |     9 |     2 |       ||    11
 Fire: Hunting sling     |       |    65 |   231 |   112 |   475 |   204 |    27 ||  1114
Throw: Stone             |     2 |       |       |       |       |     1 |       ||     3
Invok: Heroism           |       |       |     1 |     6 |     9 |     6 |     5 ||    27
Evoke: Wand              |       |       |     4 |    23 |     5 |     4 |    12 ||    48
       Condenser vane    |       |       |       |       |       |       |     3 ||     3
  Use: Scroll            |       |     8 |     8 |     8 |    10 |    16 |     3 ||    53
       Potion            |       |       |       |     3 |     2 |     8 |     2 ||    15
 Stab: Sleeping          |     2 |       |       |       |       |     7 |     3 ||    12
       Paralysed         |       |       |       |    13 |       |       |       ||    13
       Distracted        |       |       |       |       |       |     2 |     3 ||     5
       Invisible         |       |       |       |       |       |     5 |       ||     5
Armor: Leather armour    |    13 |       |       |       |       |       |       ||    13
       Ring mail         |    21 |       |       |   118 |   677 |   394 |   172 ||  1382
       Scale mail        |    18 |    32 |    82 |    48 |       |       |       ||   180
Dodge: Dodged            |    63 |    40 |    93 |   194 |   552 |   424 |   147 ||  1513
Block: Buckler           |       |       |       |    76 |   204 |       |       ||   280
       Kite shield       |       |       |       |       |   448 |  1156 |   508 ||  2112
       Reflection        |       |       |       |       |     8 |   108 |    22 ||   138
